[ AOE2 MATCH · #480064152 ]
Team RMMongols vs Shu
[ REPLAY ANALYSIS · EXTRACTED FROM THE RECORDED GAME ]
Feudal
—
Castle
—
Imperial
—
| APM avg | 17.2 |
| APM peak | 37 |
| eAPM avg | 10.7 |
| Villagers / military | 29 / 0 |
Focus
⚔️ 3.7% · 🌾 96.3%
Fishing Ship ×4
Feudal
—
Castle
—
Imperial
—
| APM avg | 19.2 |
| APM peak | 47 |
| eAPM avg | 10.1 |
| Villagers / military | 19 / 0 |
Focus
⚔️ 8.1% · 🌾 91.9%
Feudal
—
Castle
—
Imperial
—
| APM avg | 45.0 |
| APM peak | 72 |
| eAPM avg | 21.9 |
| Villagers / military | 29 / 0 |
Focus
⚔️ 21.4% · 🌾 78.6%
Feudal
—
Castle
—
Imperial
—
| APM avg | 40.2 |
| APM peak | 69 |
| eAPM avg | 21.4 |
| Villagers / military | 21 / 0 |
Focus
⚔️ 26.4% · 🌾 73.6%
Feudal
—
Castle
—
Imperial
—
| APM avg | 17.1 |
| APM peak | 51 |
| eAPM avg | 5.6 |
| Villagers / military | 20 / 0 |
Focus
⚔️ 13.3% · 🌾 86.7%
Feudal
9:23
Castle
—
Imperial
—
| APM avg | 44.0 |
| APM peak | 57 |
| eAPM avg | 31.8 |
| Villagers / military | 59 / 0 |
Focus
⚔️ 26.0% · 🌾 74.0%
Feudal
—
Castle
—
Imperial
—
| APM avg | 14.5 |
| APM peak | 55 |
| eAPM avg | 6.4 |
| Villagers / military | 10 / 0 |
Focus
⚔️ 21.9% · 🌾 78.1%
Feudal
—
Castle
—
Imperial
—
| APM avg | 42.2 |
| APM peak | 72 |
| eAPM avg | 21.6 |
| Villagers / military | 21 / 0 |
Focus
⚔️ 7.9% · 🌾 92.1%
Fishing Ship ×6
Match map
Initial resources + every placement click. Lines = walls · curves = elevation contours. ◆ gold · ⬟ stone · ● berries · ✦ relic · ◌ wall gap
Your base
神风咕噜噜's base
MinorCloud9519's base
TestofOne's base
只会出农民's base
edengr7's base
thetoastaoe's base
K's base
Smoothed initial terrain · ◌ = detected wall gap · hover for details
Inputs per minute
— NoobProElite - - 神风咕噜噜
Build order — NoobProElite
42 actions detected in the replay
| 0:01 | Create | Villager (Male) ×4 |
| 0:02 | Build | House |
| 0:03 | Build | House |
| 1:29 | Create | Villager (Male) |
| 1:29 | Create | Villager (Male) |
| 1:48 | Build | Lumber Camp |
| 2:01 | Create | Villager (Male) |
| 2:36 | Create | Villager (Male) |
| 2:36 | Create | Villager (Male) |
| 2:56 | Create | Villager (Male) |
| 2:56 | Create | Villager (Male) |
| 3:23 | Create | Villager (Male) |
| 3:29 | Build | House |
| 3:30 | Build | House |
| 3:40 | Create | Villager (Male) |
| 3:59 | Create | Villager (Male) |
| 3:59 | Create | Villager (Male) |
| 4:28 | Create | Villager (Male) |
| 4:28 | Create | Villager (Male) |
| 4:28 | Create | Villager (Male) |
| 4:28 | Create | Villager (Male) |
| 5:00 | Create | Villager (Male) |
| 5:01 | Create | Villager (Male) |
| 5:01 | Create | Villager (Male) |
| 5:12 | Build | Dock |
| 5:40 | Create | Villager (Male) |
| 5:58 | Create | Fishing Ship |
| 6:00 | Create | Villager (Male) |
| 6:00 | Create | Villager (Male) |
| 6:00 | Create | Villager (Male) |
| 6:23 | Build | Mill |
| 6:51 | Create | Fishing Ship |
| 7:05 | Create | Villager (Male) ×2 |
| 7:43 | Build | Mill |
| 7:55 | Build | House |
| 8:23 | Create | Villager (Male) |
| 8:26 | Create | Fishing Ship |
| 8:53 | Research | Feudal Age |
| 8:59 | Create | Fishing Ship |
| 9:09 | Build | House |
| 9:12 | Build | House |
| 9:13 | Build | House |
Build order — 神风咕噜噜
24 actions detected in the replay
| 0:04 | Create | Villager (Male) |
| 0:04 | Create | Villager (Male) |
| 0:06 | Build | House |
| 0:08 | Build | House |
| 0:16 | Create | Villager (Male) |
| 0:16 | Create | Villager (Male) |
| 0:17 | Create | Villager (Male) |
| 0:59 | Build | House |
| 1:00 | Build | House |
| 1:03 | Build | Lumber Camp |
| 1:34 | Create | Villager (Male) |
| 1:34 | Create | Villager (Male) |
| 2:08 | Create | Villager (Male) |
| 2:08 | Create | Villager (Male) |
| 2:39 | Create | Villager (Male) |
| 3:01 | Create | Villager (Male) |
| 3:28 | Create | Villager (Male) |
| 3:29 | Create | Villager (Male) |
| 3:41 | Create | Villager (Male) |
| 3:41 | Create | Villager (Male) |
| 4:26 | Create | Villager (Male) |
| 4:26 | Create | Villager (Male) |
| 4:31 | Create | Villager (Male) |
| 4:31 | Create | Villager (Male) |
Build order — MinorCloud9519
35 actions detected in the replay
| 0:02 | Create | Villager (Male) |
| 0:02 | Create | Villager (Male) |
| 0:03 | Create | Villager (Male) |
| 0:04 | Build | House |
| 0:06 | Build | House |
| 0:23 | Research | Loom |
| 0:35 | Create | Villager (Male) |
| 0:35 | Create | Villager (Male) |
| 0:36 | Create | Villager (Male) |
| 0:36 | Create | Villager (Male) |
| 2:28 | Create | Villager (Male) |
| 2:56 | Create | Villager (Male) |
| 3:33 | Create | Villager (Male) |
| 3:33 | Create | Villager (Male) |
| 4:04 | Create | Villager (Male) |
| 4:04 | Create | Villager (Male) |
| 4:05 | Create | Villager (Male) |
| 4:45 | Create | Villager (Male) |
| 4:45 | Create | Villager (Male) |
| 5:26 | Create | Villager (Male) |
| 5:26 | Create | Villager (Male) |
| 5:52 | Create | Villager (Male) |
| 5:52 | Create | Villager (Male) |
| 6:20 | Create | Villager (Male) |
| 6:21 | Create | Villager (Male) |
| 6:23 | Create | Villager (Male) |
| 6:31 | Build | House |
| 6:55 | Build | House |
| 7:04 | Create | Villager (Male) |
| 7:04 | Create | Villager (Male) |
| 7:24 | Create | Villager (Male) |
| 7:55 | Create | Villager (Male) |
| 7:55 | Create | Villager (Male) |
| 8:38 | Build | Lumber Camp |
| 9:11 | Create | Villager (Male) |
Build order — TestofOne
35 actions detected in the replay
| 0:01 | Create | Villager (Male) |
| 0:02 | Create | Villager (Male) |
| 0:02 | Create | Villager (Male) |
| 0:03 | Build | House |
| 0:04 | Build | House |
| 0:12 | Create | Villager (Male) |
| 0:20 | Research | Loom |
| 0:31 | Build | Palisade Wall |
| 1:59 | Create | Villager (Male) |
| 1:59 | Create | Villager (Male) |
| 2:28 | Build | Palisade Gate |
| 2:32 | Build | Palisade Gate |
| 3:33 | Create | Villager (Male) |
| 3:33 | Create | Villager (Male) |
| 3:55 | Build | Lumber Camp |
| 4:08 | Build | Palisade Wall |
| 4:19 | Create | Villager (Male) |
| 4:23 | Build | Palisade Wall |
| 4:37 | Build | Palisade Wall |
| 4:58 | Create | Villager (Male) |
| 5:05 | Build | House |
| 5:25 | Create | Villager (Male) |
| 5:32 | Build | House |
| 5:56 | Create | Villager (Male) |
| 6:01 | Build | House |
| 6:20 | Create | Villager (Male) |
| 6:50 | Create | Villager (Male) |
| 7:08 | Create | Villager (Male) |
| 7:20 | Create | Villager (Male) |
| 7:42 | Create | Villager (Male) |
| 7:51 | Create | Villager (Male) |
| 8:25 | Create | Villager (Male) |
| 9:03 | Create | Villager (Male) |
| 9:27 | Build | Barracks |
| 9:30 | Create | Villager (Male) |
Build order — 只会出农民
22 actions detected in the replay
| 0:01 | Create | Villager (Male) |
| 0:02 | Build | House |
| 0:04 | Build | House |
| 0:39 | Create | Villager (Male) |
| 0:40 | Create | Villager (Male) |
| 0:40 | Create | Villager (Male) |
| 1:34 | Create | Villager (Male) |
| 1:35 | Create | Villager (Male) |
| 2:04 | Create | Villager (Male) |
| 2:05 | Create | Villager (Male) |
| 2:40 | Create | Villager (Male) |
| 2:40 | Create | Villager (Male) |
| 3:02 | Create | Villager (Male) |
| 3:02 | Create | Villager (Male) |
| 3:37 | Create | Villager (Male) |
| 3:37 | Create | Villager (Male) |
| 4:14 | Create | Villager (Male) |
| 4:14 | Create | Villager (Male) |
| 4:15 | Create | Villager (Male) |
| 4:58 | Create | Villager (Male) |
| 4:58 | Create | Villager (Male) |
| 4:58 | Create | Villager (Male) |
Build order — edengr7
71 actions detected in the replay
| 0:02 | Create | Villager (Male) |
| 0:03 | Create | Villager (Male) |
| 0:03 | Create | Villager (Male) |
| 0:03 | Create | Villager (Male) |
| 0:05 | Build | House |
| 0:06 | Build | House |
| 0:09 | Build | House |
| 0:36 | Create | Villager (Male) |
| 0:36 | Create | Villager (Male) |
| 0:44 | Research | Loom |
| 0:45 | Create | Villager (Male) |
| 0:45 | Create | Villager (Male) |
| 1:16 | Create | Villager (Male) |
| 1:16 | Create | Villager (Male) |
| 1:45 | Create | Villager (Male) |
| 2:54 | Create | Villager (Male) |
| 2:54 | Create | Villager (Male) |
| 3:05 | Create | Villager (Male) |
| 3:05 | Create | Villager (Male) |
| 3:06 | Create | Villager (Male) |
| 3:12 | Build | Lumber Camp |
| 3:42 | Create | Villager (Male) |
| 3:42 | Create | Villager (Male) |
| 3:42 | Create | Villager (Male) |
| 4:30 | Create | Villager (Male) |
| 4:30 | Create | Villager (Male) |
| 4:30 | Create | Villager (Male) |
| 4:30 | Create | Villager (Male) |
| 4:41 | Create | Villager (Male) |
| 4:42 | Create | Villager (Male) |
| 5:09 | Create | Villager (Male) |
| 5:09 | Create | Villager (Male) |
| 5:24 | Create | Villager (Male) |
| 5:27 | Create | Villager (Male) |
| 5:27 | Create | Villager (Male) |
| 5:41 | Create | Villager (Male) |
| 6:00 | Create | Villager (Male) |
| 6:01 | Create | Villager (Male) |
| 6:13 | Build | Mill |
| 6:13 | Create | Villager (Male) |
| 6:13 | Create | Villager (Male) |
| 6:16 | Create | Villager (Male) |
| 6:20 | Create | Villager (Male) |
| 6:20 | Create | Villager (Male) |
| 6:20 | Create | Villager (Male) |
| 6:21 | Create | Villager (Male) |
| 6:21 | Create | Villager (Male) |
| 6:23 | Create | Villager (Male) |
| 7:01 | Research | Feudal Age |
| 7:01 | Research | Feudal Age |
| 8:32 | Build | Barracks |
| 8:45 | Build | House |
| 8:46 | Create | Villager (Male) |
| 8:46 | Create | Villager (Male) |
| 8:47 | Create | Villager (Male) |
| 8:47 | Create | Villager (Male) |
| 8:52 | Create | Villager (Male) |
| 8:52 | Create | Villager (Male) |
| 8:52 | Create | Villager (Male) |
| 9:05 | Create | Villager (Male) |
| 9:11 | Build | Barracks |
| 9:23 | Age | Feudal Age |
| 9:23 | Create | Villager (Male) |
| 9:23 | Create | Villager (Male) |
| 9:28 | Create | Villager (Male) |
| 9:28 | Create | Villager (Male) |
| 9:30 | Create | Villager (Male) |
| 9:32 | Create | Villager (Male) |
| 9:32 | Create | Villager (Male) |
| 9:35 | Create | Villager (Male) |
| 9:35 | Create | Villager (Male) |
Build order — thetoastaoe
13 actions detected in the replay
| 0:01 | Create | Villager (Male) |
| 0:02 | Create | Villager (Male) |
| 0:03 | Build | House |
| 0:04 | Build | House |
| 0:12 | Create | Villager (Male) |
| 0:13 | Create | Villager (Male) |
| 1:10 | Create | Villager (Male) |
| 1:10 | Create | Villager (Male) |
| 2:00 | Create | Villager (Male) |
| 2:00 | Create | Villager (Male) |
| 2:22 | Build | Lumber Camp |
| 2:23 | Create | Villager (Male) |
| 2:23 | Create | Villager (Male) |
Build order — K
40 actions detected in the replay
| 0:02 | Create | Villager (Male) |
| 0:03 | Create | Villager (Male) |
| 0:03 | Create | Villager (Male) |
| 0:04 | Build | House |
| 0:05 | Build | House |
| 0:23 | Create | Villager (Male) |
| 0:23 | Create | Villager (Male) |
| 1:31 | Create | Villager (Male) |
| 1:31 | Create | Villager (Male) |
| 2:08 | Create | Villager (Male) |
| 2:08 | Create | Villager (Male) |
| 2:08 | Create | Villager (Male) |
| 2:40 | Create | Villager (Male) |
| 2:41 | Create | Villager (Male) |
| 2:44 | Build | Lumber Camp |
| 3:07 | Build | House |
| 3:16 | Create | Villager (Male) |
| 3:17 | Create | Villager (Male) |
| 3:17 | Create | Villager (Male) |
| 3:51 | Build | House |
| 4:02 | Create | Villager (Male) |
| 4:16 | Create | Villager (Male) |
| 4:26 | Build | Palisade Wall |
| 4:35 | Create | Villager (Male) |
| 4:56 | Create | Villager (Male) |
| 5:24 | Build | Dock |
| 5:48 | Create | Villager (Male) |
| 6:04 | Create | Villager (Male) |
| 6:05 | Build | House |
| 6:31 | Research | Loom |
| 6:31 | Research | Loom |
| 6:31 | Research | Loom |
| 6:35 | Create | Fishing Ship |
| 6:36 | Create | Fishing Ship |
| 7:18 | Create | Fishing Ship |
| 8:13 | Create | Fishing Ship |
| 8:54 | Create | Fishing Ship |
| 8:58 | Research | Feudal Age |
| 8:59 | Research | Feudal Age |
| 9:15 | Create | Fishing Ship |
Match timeline
| 0:31 | TestofOne · wall_segment Palisade Wall x13 |
| 4:08 | TestofOne · wall_segment Palisade Wall x1 |
| 4:23 | TestofOne · wall_segment Palisade Wall x1 |
| 4:26 | K · wall_segment Palisade Wall x1 |
| 4:28 | thetoastaoe · resign |
| 4:37 | TestofOne · wall_segment Palisade Wall x1 |
| 5:12 | NoobProElite · first_building Dock |
| 5:24 | K · first_building Dock |
| 8:32 | edengr7 · first_building Barracks |
| 9:23 | edengr7 · age_up feudal |
| 9:27 | TestofOne · first_building Barracks |
[ AI ANALYSIS · 1 CREDIT ]
What really happened in this match?
Wolo.gg analyzes every decision: build order, eco, micro, common mistakes by bracket. Personalized analysis on WhatsApp or Discord in 30 seconds.
Civ guide
Mongols
Map guide
Black Forest
Perfil
Jugador #15654021